 Dungeon Crawl Stone Soup version 0.25-a0-287-g56a5b49892 (webtiles) character file.

Game seed: 14725712639971926792, levelgen mode: deterministic

131 night the Caller (level 4, 0/30 HPs)
             Began as a Demonspawn Summoner on Dec 12, 2019.
             Hit by a boomerang thrown by an orc (5 damage)
             ... on level 3 of the Dungeon.
             The game lasted 00:08:37 (3445 turns).

night the Caller (Demonspawn Summoner)              Turns: 3445, Time: 00:08:38

Health: 0/30       AC:  2    Str:  9    XL:     4   Next: 91%
Magic:  4/9        EV: 12    Int: 17    God:
Gold:   114        SH:  0    Dex: 13    Spells: 0/10 levels left

rFire    . . .     SeeInvis .   l - +0 short sword (venom)
rCold    . . .     Gourm    .   (no shield)
rNeg     . . .     Faith    .   a - +0 robe
rPois    .         Spirit   .   (helmet restricted)
rElec    .         Reflect  .   (no cloak)
rCorr    .         Harm     .   (no gloves)
MR       .....                  (no boots)
Stlth    ++........             (no amulet)
HPRegen  0.10/turn              (no ring)
MPRegen  0.11/turn              (no ring)

@: very slightly contaminated
A: antennae 2, rot immunity
a: no special abilities


You were on level 3 of the Dungeon.
You were not hungry.

You visited 1 branch of the dungeon, and saw 3 of its levels.

You collected 114 gold pieces.

Inventory:

Hand Weapons
 g - a +0 dagger
 l - a +0 short sword of venom (weapon)
Missiles
 e - 39 arrows
 k - 8 poisoned darts (quivered)
Armour
 a - a +0 robe (worn)
Scrolls
 b - 2 scrolls of enchant weapon {unknown}
 d - 2 scrolls of fog {unknown}
 f - a scroll of teleportation {unknown}
 i - 3 scrolls of identify {unknown}
 j - a scroll of random uselessness {unknown}
 o - a scroll of fear {unknown}
 p - a scroll of immolation {unknown}
 s - a scroll of blinking {unknown}
Potions
 h - a potion of haste {unknown}
 m - 2 potions of flight {unknown}
 q - a potion of curing {unknown}
 r - a potion of brilliance {unknown}
Comestibles
 c - 6 rations
 n - 2 chunks of flesh


   Skills:
 - Level 1.7 Dodging
 - Level 1.7 Stealth
 + Level 3.6 Spellcasting
 + Level 5.2 Summonings


You couldn't memorise any spells.
You knew the following spells:

 Your Spells              Type           Power        Failure   Level  Hunger
a - Summon Small Mammal   Summ           ###.         1%          1    None
b - Call Imp              Summ           ###.....     2%          2    ##.....
c - Call Canine Familiar  Summ           ###.....     5%          3    ###....
d - Summon Ice Beast      Ice/Summ       ##......     50%         4    ####...

Your spell library contained the following spells:

 Spells                   Type           Power        Failure   Level  Hunger
 Summon Guardian Golem    Hex/Summ       ##......     17%         3    ###....
 Summon Lightning Spire   Summ/Air       ##......     50%         4    ####...


Dungeon Overview and Level Annotations

Branches:
Dungeon (3/15)

Altars:


Innate Abilities, Weirdness & Mutations

You have a pair of antennae on your head.
You are immune to rotting.


Message History

The orc throws a boomerang.
The boomerang hits you but does no damage.
The weapon returns to the orc!
The orc throws a boomerang.
The boomerang barely misses you.
The weapon returns to the orc!
The orc throws a boomerang.
The boomerang hits you!
* * * LOW HITPOINT WARNING * * *
The orc wizard casts a spell.
The orc wizard seems to speed up.
The orc throws a boomerang.
The boomerang hits you but does no damage.
The weapon returns to the orc!
The orc wizard gestures wildly while chanting.
The orc wizard flickers and vanishes!
Deactivating autopickup; reactivate with Ctrl-A.
The orc throws a boomerang.
The boomerang misses you.
The weapon returns to the orc!
There is a stone staircase leading up here.
The orc throws a boomerang.
The boomerang hits you.
You die...

.....#.... #................
......... ####................
........# #.........÷.........
........# #.#....#............
>.......######...##.#.....†......
.........g......##....#..........
.......##...........####....##...
......{##........##.##.........)>
.....go##.......@##........###...
....{#.##o..............#### #...
#.####.{................ #### .
####..............# #######.
##.................##........
##.....##...........###.........
##..##.###...........##..........
....#..##............##..........
...................####..........


You could see an orc and a hobgoblin.

Vanquished Creatures
  An ooze (D:3)
  A worm (D:2)
  A leopard gecko (D:3)
  An orc (D:3)
  5 bats
  5 giant cockroaches
  7 hobgoblins
  7 jackals
  2 frilled lizards
  4 goblins
  3 kobolds
  6 rats
43 creatures vanquished.

Vanquished Creatures (collateral kills)
  An orc wizard (D:3)
  5 adders
  An ooze (D:1)
  A worm (D:3)
  A leopard gecko (D:2)
  4 orcs (D:3)
  3 ball pythons (D:1)
  A bat (D:3)
  3 giant cockroaches (D:1)
  5 goblins
  7 hobgoblins
  3 jackals (D:3)
  A quokka (D:3)
  5 kobolds
  5 rats
46 creatures vanquished.

Grand Total: 89 creatures vanquished

Notes
Turn   | Place    | Note
-------+----------+-------------------------------------------
     0 | D:1      | night the Demonspawn Summoner began the quest for the Orb.
     0 | D:1      | Reached XP level 1. HP: 13/13 MP: 3/3
   319 | D:1      | Gained mutation: You are immune to rotting. [demonic
                  | ancestry]
   319 | D:1      | Reached XP level 2. HP: 18/19 MP: 1/5
   393 | D:1      | Learned a level 2 spell: Call Imp
  1518 | D:2      | Gained mutation: You have a pair of small antennae on your
                  | head. [demonic ancestry]
  1518 | D:2      | Reached XP level 3. HP: 24/24 MP: 5/7
  1815 | D:2      | Learned a level 3 spell: Call Canine Familiar
  2565 | D:3      | Found a faded altar of an unknown god.
  2587 | D:3      | Gained mutation: You have a pair of antennae on your head.
                  | [demonic ancestry]
  2587 | D:3      | Reached XP level 4. HP: 24/30 MP: 2/8
  2709 | D:3      | Reached skill level 5 in Summonings
  2802 | D:3      | Learned a level 4 spell: Summon Ice Beast
  3445 | D:3      | Hit by a boomerang thrown by an orc

Levels and vault maps discovered:
D:1:      dpeg_arrival_rhombus, layout_basic
D:2:      layout_basic
D:3:      layout_rooms, chequers_ecumenical_altar_simple, first_ration

Skill      XL: |  1  2  3  4 |
---------------+-------------+-----
Spellcasting   | 3 |  3.6
Summonings     | 5 |  5.2
Dodging        | |  1.7
Stealth        | |  1.7

Action                   |  1- 3 |  4- 6 || total
-------------------------+-------+-------++-------
Melee: Unarmed           |     9 |       ||     9
       Short sword       |    64 |    49 ||   113
       Dagger            |    15 |       ||    15
Throw: Dart              |       |     5 ||     5
 Cast: Summon Small Mamm |    33 |     2 ||    35
       Call Imp          |    10 |     5 ||    15
       Call Canine Famil |     4 |     2 ||     6
 Stab: Sleeping          |     2 |       ||     2
       Distracted        |     1 |       ||     1
  Eat: Chunk             |     6 |     4 ||    10
Armor: Robe              |    15 |    19 ||    34
Dodge: Dodged            |    69 |    58 ||   127

Table legend:
 A = Non-vault XP
 B = Vault XP
 C = Vault XP percentage of total XP
 D = Non-vault monster count
 E = Vault monster count
 F = Vault count percentage of total count
                 A         B        C        D         E       F
            +---------+---------+-------+---------+---------+-------
      Total |     188 |       0 |   0.0 |      89 |       0 |   0.0
            +---------+---------+-------+---------+---------+-------
        D:1 |      30 |       0 |   0.0 |      26 |       0 |   0.0
        D:2 |      62 |       0 |   0.0 |      29 |       0 |   0.0
        D:3 |      96 |       0 |   0.0 |      34 |       0 |   0.0
            +---------+---------+-------+---------+---------+-------
